 Dungeon Crawl Stone Soup version 0.23.2-1-ga50397a (webtiles) character file.

Game seed: 851482219530130988

2191 GuyDeFluk the Fighter (level 9, -1/127 HPs)
             Began as a Hill Orc Abyssal Knight on Apr 19, 2019.
             Was an Elder of Lugonu.
             Slain by a killer bee (4 damage)
             ... on level 7 of the Dungeon.
             The game lasted 01:09:13 (10662 turns).

GuyDeFluk the Fighter (Hill Orc Abyssal Knight)    Turns: 10662, Time: 01:09:14

Health: -1/127     AC: 24    Str: 20    XL:     9   Next: 33%
Magic:  15/15      EV:  2    Int: 12    God:    Lugonu [****..]
Gold:   437        SH:  3    Dex: 10    Spells: 8/8 levels left

rFire    . . .     SeeInvis .   p - +0 war axe
rCold    . . .     Gourm    .   (no shield)
rNeg     + + +     Faith    .   (armour currently unavailable)
rPois    +         Spirit   .   (helmet currently unavailable)
rElec    .         Reflect  +   (cloak currently unavailable)
rCorr    .         Harm     .   (gloves currently unavailable)
MR       .....     NoTele   +   (boots currently unavailable)
Stlth    +.........             j - +3 amulet of reflection
HPRegen  0.31/turn              f - ring of positive energy
MPRegen  0.14/turn              o - +2 ring of strength

@: lethally poisoned (-1 -> -6), tree-form
A: no striking features
a: Depart the Abyss, Bend Space, Banish, Corrupt, Renounce Religion


You were on level 7 of the Dungeon.
You worshipped Lugonu.
Lugonu was greatly pleased with you.
You were not hungry.
You were a tree.
You visited 2 branches of the dungeon, and saw 9 of its levels.
You visited the Abyss 1 time.
You also visited: Sewer.

You collected 437 gold pieces.

Inventory:

Hand Weapons
 a - a +2 hand axe
 p - a +0 war axe (weapon)
Missiles
 n - 3 tomahawks (quivered)
Armour
 l - a +2 pair of gloves (melded)
 q - a +1 leather armour of fire resistance
 A - a +0 ring mail (melded)
Jewellery
 b - an uncursed ring of protection from fire
 f - a ring of positive energy (left branch)
 i - an uncursed ring of protection from fire
 j - a +3 amulet of reflection (around neck)
 o - a +2 ring of strength (right branch)
 y - an uncursed ring of protection from cold
 B - an uncursed amulet of rage
Wands
 r - a wand of paralysis (8)
Scrolls
 m - a scroll of remove curse
 x - a scroll of magic mapping
Potions
 c - a potion of flight
 d - a potion of mutation {unknown}
 e - 5 potions of brilliance
 g - a potion of might {unknown}
 h - a potion of berserk rage {unknown}
 k - 2 potions of cancellation {unknown}
 s - a potion of heal wounds {unknown}
 u - a potion of resistance {unknown}
 w - a potion of curing {unknown}
 z - a potion of lignification
Comestibles
 t - 2 rations


   Skills:
 + Level 9.7 Fighting
 + Level 6.5 Axes
 * Level 6.7 Armour
 - Level 0.7 Dodging
 - Level 8.1 Invocations


You had 8 spell levels left.
You didn't know any spells.
Your spell library was empty.

Dungeon Overview and Level Annotations

Branches:
Dungeon (8/15)             Temple (1/1) D:6
   Lair: D:8-11

Altars:
Ashenzari
Cheibriados
Dithmenos
Elyvilon
Fedhas
Kikubaaqudgha
Makhleb
Nemelex Xobeh
Okawaru
Qazlal
Ru
Sif Muna
Trog
Vehumet
Wu Jian
Xom
Yredelemnul
Zin
The Shining One

Shops:
D:5 *

Annotations:
Abyss:1 Edmund, Pikel


Message History

The killer bee stings you but does no damage. x2
You feel sick.
The killer bee stings you but does no damage. x2
You feel sick. You block the killer bee's attack.
The killer bee stings you but does no damage.
You feel sick. You block the killer bee's attack.
The killer bee stings you but does no damage.
You feel sick.
The killer bee stings you but does no damage. x2
The orc grunts to no one in particular.
The killer bee stings you but does no damage. x2
You feel sick.
The killer bee stings you but does no damage.
The killer bee stings you.
* * * LOW HITPOINT WARNING * * *
You are lethally poisoned!
The killer bee poisons you!
* * * LOW HITPOINT WARNING * * *
You feel sick. The killer bee stings you.
You die...

#### ##..###### ### #........####
#.### # #.######(...####_.⌠#####
###.#########...#8...'...# ####
......#...########_.⌠###.# #...
..#.#......#### #.### #.## #...
).#.#(.......o###### #..####...
..#.#.....y.#yyy♣.## ##...÷....
....#.......#####..## ######...
...###.....## ##..## #####...
.#.###....o## ##..#####.......
...##.......########.......###(..
.^...............>###....#####.<.
............#.....)...##....##...
...........##......########.#####
..........###.##..## #...###


You could see 3 killer bees and an orc.

Vanquished Creatures
  2 sky beasts (D:5)
  4 slaves
  2 ogres
  A centaur (D:6)
  5 bullfrogs
  A scorpion (D:4)
  A killer bee (D:7)
  A howler monkey (D:7)
  3 jellies
  A crimson imp (D:6)
  A quasit (D:7)
  A bullfrog zombie (D:6)
  5 orc priests
  2 hounds (D:4)
  A bullfrog skeleton (D:7)
  7 orc wizards
  2 worker ants
  A hound zombie (D:5)
  12 adders
  3 gnolls
  3 shadow imps
  2 oozes
  An adder zombie (D:6)
  3 adder skeletons (D:4)
  3 worms
  2 dart slugs
  7 leopard geckos
  22 orcs
  4 bats
  13 giant cockroaches
  10 goblins
  5 hobgoblins
  15 jackals
  10 kobolds
  6 quokkas
  2 ball pythons
  A ball python skeleton (D:4)
  5 frilled lizards
  A jackal skeleton (D:5)
  A leopard gecko skeleton (D:5)
  A leopard gecko zombie (D:7)
  8 rats
181 creatures vanquished.

Notes
Turn   | Place    | Note
-------+----------+-------------------------------------------
     0 | Abyss:1  | GuyDeFluk the Hill Orc Abyssal Knight began the quest for
                  | the Orb.
     0 | Abyss:1  | Reached XP level 1. HP: 19/19 MP: 2/2
    12 | D:1      | Escaped the Abyss
   105 | D:1      | Reached XP level 2. HP: 27/27 MP: 3/3
   142 | D:1      | Reached skill level 4 in Fighting
  1034 | D:2      | Reached XP level 3. HP: 30/33 MP: 5/5
  1349 | D:2      | Found a deep blue altar of Sif Muna.
  1627 | D:2      | Found a sparkling altar of Nemelex Xobeh.
  1766 | D:3      | Reached ** piety under Lugonu
  1802 | D:3      | Reached XP level 4. HP: 36/41 MP: 6/6
  2379 | D:3      | Found a glowing drain.
  2389 | D:3      | Reached skill level 5 in Fighting
  2399 | Sewer    | Entered a sewer
  2415 | Sewer    | HP: 2/42 [rat (1)]
  2731 | D:3      | Reached XP level 5. HP: 40/48 MP: 7/7
  3005 | D:3      | Found a radiant altar of Vehumet.
  4010 | D:3      | Reached XP level 6. HP: 45/57 MP: 9/9
  4295 | D:3      | Reached skill level 6 in Fighting
  4639 | D:4      | Reached *** piety under Lugonu
  4871 | D:4      | Reached skill level 5 in Invocations
  4871 | D:4      | Reached XP level 7. HP: 59/64 MP: 10/10
  4929 | D:4      | Found a sacrificial altar of Ru.
  5361 | D:4      | Noticed Edmund
  5439 | D:4      | Found a burning altar of Makhleb.
  5567 | D:5      | Entered Level 5 of the Dungeon
  5599 | D:5      | Found Loadeuq's Assorted Antiques.
  5604 | D:5      | Noticed Pikel
  6338 | D:4      | HP: 1/64 [ogre/+0 giant club (17)]
  6652 | D:4      | Banished Edmund
  6652 | D:4      | Reached skill level 7 in Fighting
  7287 | D:5      | Reached XP level 8. HP: 72/74 MP: 13/13
  7537 | D:5      | Reached skill level 8 in Fighting
  7664 | D:5      | Found a bloodstained altar of Trog.
  7735 | D:6      | Found a staircase to the Ecumenical Temple.
  7955 | Temple   | Entered the Ecumenical Temple
  8665 | D:6      | Found an ornate altar of the Wu Jian Council.
  9055 | D:2      | Banished Pikel
  9055 | D:2      | Reached skill level 9 in Fighting
  9055 | D:2      | Reached skill level 5 in Axes
  9055 | D:2      | Reached skill level 5 in Armour
  9564 | D:7      | Reached **** piety under Lugonu
  9667 | D:7      | Reached XP level 9. HP: 64/83 MP: 15/15
  9965 | D:7      | Found a shattered altar of Ashenzari.
  9965 | D:7      | Found a white marble altar of Elyvilon.
 10010 | D:7      | Found a stormy altar of Qazlal.
 10659 | D:7      | HP: 6/127 [poisoned by a killer bee]
 10662 | D:7      | Slain by a killer bee

Skill      XL: |  1  2  3  4  5  6  7  8  9 |
---------------+----------------------------+-----
Fighting       | 4 5 6 7 9 |  9.7
Axes           | 3 4 5 6 |  6.5
Invocations    | 3 4 5 6 8 |  8.1
Armour         | 3 5 6 |  6.7
Dodging        | |  0.7

Action                   |  1- 3 |  4- 6 |  7- 9 || total
-------------------------+-------+-------+-------++-------
Melee: Hand axe          |   134 |   262 |   129 ||   525
       War axe           |       |       |   287 ||   287
Throw: Tomahawk          |       |       |     2 ||     2
Invok: Bend Space        |       |     1 |     5 ||     6
       Banish            |       |       |     3 ||     3
  Use: Scroll            |     2 |     8 |     5 ||    15
       Potion            |       |       |     1 ||     1
 Stab: Paralysed         |       |       |     2 ||     2
  Eat: Ration            |     1 |     2 |     4 ||     7
       Chunk             |     1 |     2 |     8 ||    11
Armor: Leather armour    |    12 |       |       ||    12
       Ring mail         |    40 |   114 |   244 ||   398
       Skin              |       |       |    15 ||    15
Dodge: Dodged            |    71 |   133 |   233 ||   437
Block: Other             |     6 |    28 |    59 ||    93
       Reflection        |       |     2 |       ||     2
